 Dungeon Crawl Stone Soup version 0.22-a0-558-gc224181 (webtiles) character file.

319544 galech the Slayer (level 21, -5/258 HPs)
             Began as an Ogre Berserker on June 26, 2018.
             Was the Champion of Trog.
             Killed by the air
             ... invoked by a spriggan air mage
              (23 damage)
             ... on level 2 of the Depths.
             The game lasted 01:45:37 (50498 turns).

galech the Slayer (Ogre Berserker)                 Turns: 50498, Time: 01:45:38

Health: -5/258     AC: 14    Str: 34    XL:     21   Next: 48%
Magic:  0/21       EV: 20    Int:  8    God:    Trog [******]
Gold:   4347       SH: 16    Dex:  8    Spells: 20/20 levels left

rFire    . . .     SeeInvis .   D - +9 demon whip (venom)
rCold    . . .     Gourm    .   T - +2 shield {reflect}
rNeg     . . .     Faith    .   G - +0 troll leather armour
rPois    +         Spirit   +   S - +2 hat {MR+}
rElec    .         Reflect  +   E - +1 cloak
rCorr    .         Harm     .   (gloves unavailable)
MR       +++++                  (boots unavailable)
Stlth    +++.......             L - amulet of guardian spirit
HPRegen  1.93/turn              Y - ring of the Four Tales {rPois AC+4}
MPRegen  0.17/turn              U - +5 ring of evasion

@: berserk cooldown, regenerating, slowed, very slow
A: large, unfitting armour, tough skin 1
}: 2/15 runes: decaying, gossamer
a: Berserk, Trog's Hand, Brothers in Arms, Renounce Religion


You were on level 2 of the Depths.
You worshipped Trog.
Trog was exalted by your worship.
You were not hungry.

You visited 7 branches of the dungeon, and saw 36 of its levels.
You also visited: Labyrinth and Trove.

You collected 5476 gold pieces.
You spent 1129 gold pieces at shops.

Inventory:

Hand Weapons
 C - the +3 morningstar of Regicide {venom, rC+ Dex+2}
   (You took it off a deep elf elementalist on level 3 of the Elven Halls)

   It poisons the flesh of those it strikes.
   It affects your dexterity (+2).
   It protects you from cold.
 D - a +9 demon whip of venom (weapon)
 R - the +8 flail "Fefryhor" {freeze, SInv}
   (You took it off a deep elf archer on level 3 of the Elven Halls)

   It has been specially enchanted to freeze those struck by it, causing extra
   injury to most foes and up to half again as much damage against particularly
   susceptible opponents.
   It can also slow down cold-blooded creatures.
   It lets you see invisible.
Armour
 A - +0 acid dragon scales
 E - a +1 cloak (worn)
 G - a +0 troll leather armour (worn)
 I - a +2 robe of resistance
 M - +0 ice dragon scales
 N - the +2 robe of Virtue {rN+ Regen+ Int-5 SInv}
   (You found it in a labyrinth)

   It affects your intelligence (-5).
   It protects you from negative energy.
   It lets you see invisible.
   It increases your rate of regeneration.
 S - a +2 hat of magic resistance (worn)
 T - a +2 shield of reflection (worn)
 X - a +1 large shield of protection
Jewellery
 i - the ring "Use Ticaamimp" {rN+ MR++ Int+2}
   (You took it off a deep elf annihilator on level 3 of the Elven Halls)

   [ring of intelligence]

   It affects your intelligence (+2).
   It protects you from negative energy.
   It affects your resistance to hostile enchantments.
 u - an uncursed ring of protection from magic
 z - an uncursed ring of fire
 L - an amulet of guardian spirit (around neck)
 O - an uncursed ring of protection from cold
 Q - a +5 ring of dexterity
 U - a +5 ring of evasion (right hand)
 Y - the ring of the Four Tales (left hand) {rPois AC+4}
   (You took it off a deep elf archer on level 3 of the Elven Halls)

   [ring of protection]

   It affects your AC (+4).
   It protects you from poison.
 Z - a +5 ring of strength
Wands
 a - a wand of paralysis (14)
 f - a wand of digging (36)
 n - a wand of acid (5)
Scrolls
 b - a scroll of acquirement
 d - 21 scrolls of teleportation
 h - 17 scrolls of remove curse
 k - 13 scrolls of identify
 m - 12 scrolls of enchant armour
 p - 4 scrolls of magic mapping
 y - 4 scrolls of enchant weapon
 B - 6 scrolls of fear
 H - 4 scrolls of fog
 J - a scroll of brand weapon
 K - 7 scrolls of blinking
 W - 3 scrolls of silence
Potions
 e - 5 potions of heal wounds
 g - 5 potions of flight
 j - 4 potions of agility
 l - a potion of berserk rage
 o - 5 potions of resistance
 q - 10 potions of curing
 r - 5 potions of haste
 s - 3 potions of cancellation
 t - 4 potions of lignification
 v - 2 potions of ambrosia
 w - 4 potions of mutation
 F - 9 potions of might
 P - 3 potions of invisibility
 V - a potion of brilliance
Comestibles
 c - 72 rations


   Skills:
 + Level 25.5 Fighting
 + Level 18.0 Maces & Flails
 + Level 8.0 Armour
 + Level 14.9 Dodging
 + Level 7.9 Stealth
 + Level 13.8 Shields


You had 20 spell levels left.
You didn't know any spells.
Your spell library was empty.

Dungeon Overview and Level Annotations

Branches:
Dungeon (15/15)            Temple (0/1) D:6            Lair (6/6) D:9
  Swamp (4/4) Lair:2       Spider (4/4) Lair:2        Slime (0/5) Lair:6
    Orc (2/2) D:10            Elf (3/3) Orc:2        Vaults (0/5) D:13
 Depths (2/5) D:15

Altars:
Elyvilon
Gozag
Hepliaklqana
Kikubaaqudgha
Nemelex Xobeh
Okawaru
Qazlal
Trog
Xom
The Shining One
Beogh

Shops:
D:5 (   D:11 %   D:12 %**   D:14 %   Orc:2 }[[*?   Elf:1 *   Elf:2 [(*

Portals:
Hell: Depths:1 Depths:2
Abyss: Depths:1


Innate Abilities, Weirdness & Mutations

You are too large for most types of armour.
You have tough skin. (AC +1)


Message History

You hear a screech! x2
You hit the red ugly thing.
You kill the red ugly thing!
Trog accepts your kill.
A spriggan air mage comes into view.
You block the cyclops's attack.
You barely miss the cyclops. The spriggan air mage misses you.
You thrash the spriggan air mage!!
The spriggan air mage looks as sick as possible!
The spriggan air mage is severely wounded.
You hear a screech!
The spriggan air mage casts a spell at you.
The bolt of lightning hits you!
* * * LOW HITPOINT WARNING * * *
The cyclops completely misses you.
You feel much better.
The cyclops changes into a jumping spider!
The spriggan air mage waves its arms in wide circles.
The air twists around and strikes you!
You die...

#.....#
##†#
#.....#
#.#
#.....#
#.#
#.....#
#.##
#[..###
#..#
#..##
##.#
..##
#.# .##
#)# .#
#@# ##
#is# #
#..# #
#..# #
#... #
.#.. #
.#..
.##..#


You could see a spriggan air mage and a jumping spider shaped shifter.

Vanquished Creatures
  A lich (Depths:2)
  A bone dragon (Swamp:4)
  Arachne (Spider:1)
  Jorgrun (Swamp:4)
  Asterion (Orc:2)
  2 deep elf blademasters (Elf:3)
  A deep elf master archer (Elf:3)
  Frances (Elf:1)
  Gastronok (Lair:1)
  2 thorn hunters
  A tengu reaver (Depths:2)
  A fire giant (Depths:2)
  5 ghost moths (Spider:4)
  5 deep elf sorcerers
  An iron dragon (Depths:2)
  Louise (D:15)
  5 emperor scorpions
  5 deep elf elementalists
  12 very ugly things
  2 stone giants
  A vampire knight (Depths:2)
  2 deep elf demonologists (Elf:3)
  5 entropy weavers
  Azrael (D:13)
  The ghost of Vaxualodu the Thaumaturge, a journeyman GnIE of Gozag (Lair:3)
  6 spark wasps
  6 deep elf annihilators
  A minotaur (Lab)
  The ghost of Bouck the Cleaver, a journeyman MiBe of Trog (Lair:3)
  The ghost of Hinish the Severer, a journeyman DDFi of Makhleb (Lair:3)
  4 deep elf death magi
  2 ettins (Depths:1)
  2 yaktaur captains
  2 fire dragons
  5 deep elf high priests (Elf:3)
  The ghost of Peny the Cleaver, a journeyman MiFi of Makhleb (Lair:3)
  2 great orbs of eyes (Depths:1)
  Erolcha (D:13)
  The ghost of Kufareon the Nimble, a journeyman OpFi of Cheibriados (Lair:3)
  The ghost of Mgcat the Severer, a journeyman HOGl of Makhleb (D:11)
  2 rakshasas (Depths:2)
  13 hydras
  3 ice dragons (Depths:2)
  Erica (Lair:1)
  10 ghost crabs
  12 two-headed ogres
  11 alligators
  2 ogre magi (Depths:2)
  3 catoblepae
  6 centaur warriors
  6 death yaks (Lair:6)
  2 tengu warriors
  A vampire mage (Depths:2)
  19 dancing weapons
  2 deep troll earth magi
  A spriggan berserker (Swamp:2)
  17 deep elf knights
  Nergalle (Lair:1)
  Sonja (D:10)
  4 deep trolls (Depths:2)
  An unseen horror (D:14)
  5 spriggan druids
  5 swamp dragons
  A death drake (Swamp:4)
  3 spectral hydras (Swamp:4)
  2 wizards
  A tengu zombie (Depths:2)
  A lindwurm (Lair:6)
  2 shambling mangroves
  10 deep elf archers
  Pikel (D:7)
  62 deep elf magi
  A lindwurm (shapeshifter) (Depths:1)
  23 orb spiders
  An orc knight (Orc:2)
  16 ugly things
  8 orc sorcerers
  A fire giant zombie (Depths:2)
  21 wolf spiders
  A salamander (shapeshifter) (Elf:3)
  3 manticores
  4 moths of wrath
  2 oklob plants (Lair:3)
  3 apocalypse crabs (Swamp:1)
  11 elephants
  10 torpor snails
  A cyclops (D:15)
  23 spiny frogs
  A gargoyle (D:12)
  5 centaur skeletons
  4 black mambas
  A kobold demonologist (D:11)
  An efreet (D:15)
  3 yaktaurs
  11 demonic crawlers
  3 rime drakes
  7 komodo dragons
  A minotaur skeleton (Lab)
  A queen bee (Lair:2)
  A queen bee (shapeshifter) (Depths:2)
  3 meliai (Spider:2)
  A tengu conjurer (D:14)
  A hornet (shapeshifter) (Depths:1)
  8 trolls
  37 jumping spiders
  A polar bear (Lair:4)
  23 tyrant leeches
  A raiju (shapeshifter) (Elf:2)
  19 blink frogs
  20 hornets
  38 slime creatures
  9 alligator zombies (Swamp:4)
  9 hippogriffs
  3 dream sheep (Lair:6)
  2 spectral swamp dragons (Swamp:4)
  8 bog bodies
  Sigmund (D:2)
  5 air elementals
  105 redbacks
  2 shadows (D:11)
  41 yaks
  3 wraiths
  14 spriggans
  30 tarantellas
  4 basilisks
  2 water elementals
  5 wyverns
  3 steam dragons
  Eustachio (D:5)
  3 hungry ghosts
  A hog (shapeshifter) (Elf:2)
  6 fire elementals
  11 vampire mosquitoes
  8 wargs
  16 swamp worms
  A soldier ant (D:15)
  31 insubstantial wisps
  2 nagas (shapeshifter) (Depths:2)
  18 water moccasins
  5 acid dragons
  5 hell hounds
  6 swamp drakes
  7 swamp dragon zombies (Swamp:4)
  15 orc warriors
  4 porcupines
  2 sky beasts
  A slave (D:7)
  A black bear (D:8)
  8 ice beasts
  7 phantoms
  13 wolves
  12 ogres
  A tengu (shapeshifter) (Elf:3)
  13 centaurs
  The ghost of inc the Chiller, an amateur OpIE (D:3)
  15 crocodiles
  4 big kobolds
  19 bullfrogs
  A glowing shapeshifter simulacrum (Depths:2)
  2 earth elementals
  3 scorpions
  19 killer bees
  9 wights
  A howler monkey (D:8)
  2 electric eels
  A troll skeleton (Lab)
  A lava snake (D:9)
  4 crimson imps
  A bullfrog zombie (D:5)
  6 centaur zombies
  9 hounds
  3 jellies
  17 orc priests
  A quasit (D:8)
  3 bullfrog skeletons
  Jessica (D:2)
  8 iguanas
  43 orc wizards
  2 spectral swamp drakes (Swamp:4)
  8 worker ants
  5 hell rats (Lair:4)
  A killer bee zombie (D:9)
  2 hound skeletons
  4 worker ant zombies
  15 adders
  A howler monkey skeleton (D:4)
  3 river rats (Lair:4)
  A swamp drake zombie (Swamp:4)
  A hound simulacrum (D:11)
  3 shadow imps
  2 white imps (D:11)
  2 worker ant simulacra (D:11)
  2 oozes
  3 adder skeletons
  An adder zombie (D:8)
  8 worms
  A dart slug (D:2)
  3 leopard geckos
  85 orcs
  A ball python (D:2)
  10 giant cockroaches
  9 goblins
  8 hobgoblins
  9 jackals
  27 kobolds
  3 quokkas
  6 bats
  3 frilled lizards
  A jackal zombie (D:5)
  8 rats
  2 crawling corpses
  8 plants
1493 creatures vanquished.

Vanquished Creatures (others)
  3 deep elf master archers (Elf:3)
  A hydra (Swamp:4)
  A spriggan druid (Swamp:3)
  A deep elf archer (Elf:2)
  A deep elf mage (Elf:1)
  An orb spider (Spider:2)
  A yaktaur (Depths:2)
  2 hornets (Swamp:3)
  A tyrant leech (Swamp:4)
  A tarantella (Spider:4)
  4 insubstantial wisps (Swamp:4)
  A swamp drake (Swamp:4)
  2 iguanas (Lair:6)
  2 orcs
  2 fungi (Lair:6)
  8 plants
  2 withered plants (D:3)
34 creatures vanquished.

Grand Total: 1527 creatures vanquished

Notes
Turn   | Place    | Note
-------+----------+-------------------------------------------
     0 | D:1      | galech the Ogre Berserker began the quest for the Orb.
     0 | D:1      | Reached XP level 1. HP: 24/24 MP: 1/1
   444 | D:1      | Reached XP level 2. HP: 31/32 MP: 2/2
   907 | D:1      | Reached XP level 3. HP: 35/40 MP: 3/3
  1351 | D:2      | Found a sparkling altar of Nemelex Xobeh.
  1799 | D:2      | Reached XP level 4. HP: 18/49 MP: 4/4
  1995 | D:2      | Reached ** piety under Trog
  2223 | D:2      | Noticed Sigmund
  2233 | D:2      | Killed Sigmund
  2233 | D:2      | Reached skill level 5 in Fighting
  2233 | D:2      | Reached XP level 5. HP: 15/57 MP: 5/5
  2233 | D:2      | Reached XP level 6. HP: 18/66 MP: 6/6
  2514 | D:2      | Noticed Jessica
  2525 | D:2      | Killed Jessica
  2582 | D:2      | Found a glowing golden altar of the Shining One.
  2582 | D:2      | Found a white marble altar of Elyvilon.
  2978 | D:3      | Found a runed door.
  2978 | D:3      | Noticed inc's ghost (amateur OpIE)
  3119 | D:3      | Found a bloodstained altar of Trog.
  3807 | D:3      | Killed inc's ghost
  3807 | D:3      | Reached skill level 5 in Maces & Flails
  3807 | D:3      | Reached XP level 7. HP: 74/74 MP: 7/7
  3834 | D:4      | Reached *** piety under Trog
  3850 | D:4      | Reached skill level 1 in Stealth
  3876 | D:4      | Found an ancient bone altar of Kikubaaqudgha.
  3957 | D:4      | Found a stormy altar of Qazlal.
  4252 | D:4      | Reached skill level 6 in Fighting
  4854 | D:5      | Entered Level 5 of the Dungeon
  4975 | D:5      | Found a hazy altar of Hepliaklqana.
  5007 | D:5      | Reached XP level 8. HP: 49/84 MP: 8/8
  5013 | D:5      | Reached skill level 5 in Dodging
  5374 | D:5      | Found Fiosk's Antique Weapon Boutique.
  5822 | D:5      | Reached skill level 7 in Fighting
  5924 | D:5      | Noticed Eustachio
  5946 | D:5      | Killed Eustachio
  6369 | D:6      | Reached **** piety under Trog
  6607 | D:6      | Reached XP level 9. HP: 90/96 MP: 9/9
  6768 | D:6      | Reached skill level 8 in Fighting
  6955 | D:6      | Found a staircase to the Ecumenical Temple.
  7440 | D:7      | Noticed Pikel
  7452 | D:7      | Killed Pikel
  8301 | D:5      | Bought a runed demon whip for 360 gold pieces
  8464 | D:8      | Noticed a two-headed ogre
  8472 | D:8      | Killed a two-headed ogre
  8472 | D:8      | Reached skill level 9 in Fighting
  8483 | D:8      | Reached XP level 10. HP: 101/107 MP: 10/10
  8592 | D:8      | Reached skill level 10 in Maces & Flails
  8897 | D:8      | Noticed a two-headed ogre
  8909 | D:8      | Killed a two-headed ogre
  9664 | D:9      | Found a staircase to the Lair.
  9701 | D:9      | Reached skill level 10 in Fighting
 10304 | D:9      | Reached ***** piety under Trog
 10428 | D:9      | Found an opulent altar of Gozag.
 10521 | D:10     | Entered Level 10 of the Dungeon
 10530 | D:10     | Found an iron altar of Okawaru.
 10605 | D:10     | Noticed a two-headed ogre
 10614 | D:10     | Killed a two-headed ogre
 10614 | D:10     | Reached XP level 11. HP: 37/119 MP: 11/11
 10827 | D:10     | Found a staircase to the Orcish Mines.
 11114 | D:10     | Noticed Sonja
 11129 | D:10     | Received a gift from Trog
 11437 | Orc:1    | Entered Level 1 of the Orcish Mines
 11540 | Orc:2    | Entered Level 2 of the Orcish Mines
 11599 | Orc:1    | Reached skill level 1 in Armour
 11838 | Orc:2    | Noticed a deep elf mage
 11906 | Orc:2    | Noticed a deep elf mage
 11907 | Orc:2    | Noticed a deep elf mage
 11913 | Orc:2    | Noticed a deep elf mage
 11923 | Orc:1    | Killed a deep elf mage
 11923 | Orc:1    | Reached skill level 11 in Fighting
 12013 | Orc:2    | Noticed a deep elf mage
 12015 | Orc:2    | Noticed a deep elf mage
 12028 | Orc:1    | Killed a deep elf mage
 12157 | Orc:1    | Killed a deep elf mage
 12228 | Orc:2    | Noticed a deep elf mage
 12240 | Orc:2    | Killed a deep elf mage
 12245 | Orc:1    | HP: 6/120 [burnt (7)]
 12455 | Orc:2    | Killed a deep elf mage
 12462 | Orc:2    | Killed a deep elf mage
 12576 | Orc:2    | Noticed a deep elf mage
 12586 | Orc:2    | Noticed a deep elf mage
 12595 | Orc:1    | Killed a deep elf mage
 12749 | Orc:2    | Killed a deep elf mage
 12761 | Orc:2    | Killed a deep elf mage
 12820 | Orc:2    | Found a staircase to the Elven Halls.
 12892 | Orc:2    | Found a roughly hewn altar of Beogh.
 12975 | Orc:2    | Noticed an orc sorcerer
 13033 | Orc:2    | Killed an orc sorcerer
 13033 | Orc:2    | Reached XP level 12. HP: 77/130 MP: 12/12
 13229 | Orc:2    | Reached skill level 12 in Fighting
 13438 | Orc:2    | Found Xiqeposi's Gadget Boutique.
 13438 | Orc:2    | Found Plog's Antique Armour Emporium.
 13447 | Orc:2    | Received a gift from Trog
 13583 | Orc:2    | Found a roughly hewn altar of Beogh.
 13608 | Orc:2    | Found Ginuaret's General Store.
 13608 | Orc:2    | Found Vyuh's Magic Scroll Emporium.
 13623 | Orc:2    | Bought a scroll of blinking for 120 gold pieces
 13623 | Orc:2    | Bought a scroll of teleportation for 48 gold pieces
 13623 | Orc:2    | Bought a scroll of identify for 32 gold pieces
 13623 | Orc:2    | Bought a scroll of identify for 32 gold pieces
 13623 | Orc:2    | Bought a scroll of teleportation for 48 gold pieces
 13623 | Orc:2    | Bought a scroll of teleportation for 48 gold pieces
 13657 | Orc:2    | Found Hucy's Armour Shop.
 13809 | Orc:2    | Noticed a two-headed ogre
 13818 | Orc:2    | Killed a two-headed ogre
 14530 | Orc:1    | Reached skill level 13 in Fighting
 14706 | Orc:1    | Found a roughly hewn altar of Beogh.
 15026 | Orc:1    | Paralysed by an orc sorcerer for 5 turns
 15278 | Orc:2    | Reached skill level 5 in Armour
 15581 | D:10     | Killed Sonja
 15995 | D:11     | Found a runed gate.
 15995 | D:11     | Found a runed gate.
 15995 | D:11     | Found a runed gate.
 16100 | D:11     | Reached XP level 13. HP: 138/145 MP: 9/13
 16115 | D:11     | Noticed Mgcat's ghost (journeyman HOGl)
 16247 | D:11     | Reached skill level 14 in Fighting
 16253 | D:11     | Reached ****** piety under Trog
 16512 | D:11     | Received a gift from Trog
 16693 | D:11     | Found Hueh's Food Emporium.
 16964 | D:11     | Killed Mgcat's ghost
 17045 | D:11     | Got an opalescent robe
 17056 | D:11     | Identified the cursed +0 robe of Knowledge {Dex+5} (You found it on level 11 of the Dungeon)
 17156 | Lair:1   | Entered Level 1 of the Lair of Beasts
 17244 | Lair:1   | Noticed Erica
 17256 | Lair:1   | Killed Erica
 17288 | Lair:1   | Noticed Nergalle
 17321 | Lair:1   | Killed Nergalle
 17466 | Lair:1   | Noticed Gastronok
 17482 | Lair:1   | Killed Gastronok
 17655 | Lair:1   | Reached skill level 15 in Fighting
 18112 | Lair:2   | Found a hole to the Spider Nest.
 18386 | Lair:2   | Found a staircase to the Swamp.
 18644 | Lair:2   | Received a gift from Trog
 19545 | Lair:3   | Reached skill level 1 in Shields
 19550 | Lair:3   | Reached XP level 14. HP: 131/161 MP: 10/14
 19555 | Lair:3   | Reached skill level 10 in Dodging
 19920 | Lair:3   | Found a runed gate.
 19923 | Lair:3   | Found a runed gate.
 19924 | Lair:3   | Found a runed gate.
 19925 | Lair:3   | Noticed Hinish's ghost (journeyman DDFi)
 19926 | Lair:3   | Noticed Peny's ghost (journeyman MiFi)
 19926 | Lair:3   | Noticed Kufareon's ghost (journeyman OpFi)
 19926 | Lair:3   | Noticed Bouck's ghost (journeyman MiBe)
 19926 | Lair:3   | Noticed Vaxualodu's ghost (journeyman GnIE)
 20066 | Lair:3   | Killed Bouck's ghost
 20079 | Lair:3   | Killed Hinish's ghost
 20079 | Lair:3   | Reached skill level 16 in Fighting
 20094 | Lair:3   | Killed Peny's ghost
 20168 | Lair:3   | Killed Vaxualodu's ghost
 20168 | Lair:3   | Reached skill level 5 in Stealth
 20269 | Lair:3   | Killed Kufareon's ghost
 21556 | Lair:5   | Received a gift from Trog
 22257 | Lair:5   | Got a jewelled shield
 22268 | Lair:5   | Identified the cursed +0 shield of Gumott {Slay+2} (You found it on level 5 of the Lair of Beasts)
 22510 | Lair:6   | Entered Level 6 of the Lair of Beasts
 22517 | Lair:6   | Reached skill level 5 in Shields
 22625 | Lair:6   | Reached XP level 15. HP: 33/172 MP: 4/15
 22730 | Lair:6   | Reached skill level 17 in Fighting
 22796 | Lair:6   | Found a labyrinth entrance.
 22800 | Lab      | Entered a labyrinth
 23760 | Lab      | Got a warped robe
 23776 | Lab      | Identified the +2 robe of Virtue {rN+ Regen+ Int-5 SInv} (You found it in a labyrinth)
 24070 | Lair:6   | Received a gift from Trog
 25761 | Lair:6   | Found a staircase to the Slime Pits.
 26167 | D:12     | Found Yxyr's General Store.
 26467 | D:12     | Found Ositokuf's Food Shop.
 26524 | D:12     | Found Geuf's General Store.
 26527 | D:12     | Bought a scroll of identify for 26 gold pieces
 26527 | D:12     | Bought a scroll of identify for 26 gold pieces
 26527 | D:12     | Bought a scroll of identify for 26 gold pieces
 26527 | D:12     | Bought a scroll of teleportation for 39 gold pieces
 27369 | D:13     | Reached skill level 18 in Fighting
 27483 | D:13     | Noticed Erolcha
 27490 | D:13     | Killed Erolcha
 27645 | D:13     | Found a shimmering altar of Xom.
 27645 | D:13     | Found a shimmering altar of Xom.
 27650 | D:13     | Found a shimmering altar of Xom.
 27651 | D:13     | Found a shimmering altar of Xom.
 27651 | D:13     | Found a shimmering altar of Xom.
 27651 | D:13     | Found a shimmering altar of Xom.
 27651 | D:13     | Found a shimmering altar of Xom.
 27651 | D:13     | Found a shimmering altar of Xom.
 27652 | D:13     | Found a shimmering altar of Xom.
 27653 | D:13     | Found a shimmering altar of Xom.
 27653 | D:13     | Found a shimmering altar of Xom.
 27693 | D:13     | Received a gift from Trog
 27738 | D:13     | Found a gate to the Vaults.
 27820 | D:13     | Noticed Azrael
 27835 | D:13     | Killed Azrael
 27835 | D:13     | Reached XP level 16. HP: 152/185 MP: 12/16
 28410 | D:14     | Found a portal to a secret trove of treasure.
 28428 | Trove    | Entered a treasure trove
 28535 | D:14     | Found Xyqext's Food Emporium.
 28903 | D:15     | Entered Level 15 of the Dungeon
 28999 | D:15     | Reached skill level 15 in Maces & Flails
 29167 | D:15     | Noticed Louise
 29198 | D:15     | Killed Louise
 29315 | D:15     | Reached skill level 19 in Fighting
 29723 | D:15     | Found a staircase to the Depths.
 29931 | Elf:1    | Entered Level 1 of the Elven Halls
 29950 | Elf:1    | Noticed Frances
 29951 | Elf:1    | Noticed Asterion
 30223 | Orc:2    | Killed Asterion
 30283 | Elf:1    | Killed Frances
 30461 | Elf:1    | Reached * piety under Trog
 30743 | Elf:1    | Found Kutun's Assorted Antiques.
 30751 | Elf:1    | Bought a scroll of fear for 87 gold pieces
 30751 | Elf:1    | Bought a scroll of enchant armour for 187 gold pieces
 30751 | Elf:1    | Bought a scroll of identify for 50 gold pieces
 31019 | Elf:1    | Reached skill level 20 in Fighting
 31817 | Elf:2    | Found Emafaq's General Store.
 31866 | Elf:2    | Reached XP level 17. HP: 198/202 MP: 17/17
 32167 | Elf:2    | Found Kucuboug's Armour Shoppe.
 32193 | Elf:2    | Found Rueteul's Antique Weapon Boutique.
 32557 | Elf:2    | Reached skill level 21 in Fighting
 32560 | Elf:2    | Found a huge runed gate.
 32560 | Elf:2    | Found a huge runed gate.
 32560 | Elf:2    | Found a huge runed gate.
 32560 | Elf:2    | Found a huge runed gate.
 32560 | Elf:2    | Found a huge runed gate.
 33223 | Elf:2    | Received a gift from Trog
 33510 | Elf:3    | Entered Level 3 of the Elven Halls
 33961 | Elf:3    | Got a pitted flail
 33962 | Elf:3    | Identified the +1 flail "Plog" {drain, +Fly rPois Int+3} (You found it on level 3 of the Elven Halls)
 34483 | Elf:3    | Noticed a deep elf blademaster
 34508 | Elf:3    | Killed a deep elf blademaster
 34626 | Elf:3    | Noticed a deep elf master archer
 34635 | Elf:3    | Killed a deep elf master archer
 34635 | Elf:3    | Reached skill level 22 in Fighting
 34650 | Elf:3    | Noticed a deep elf master archer
 34693 | Elf:3    | Killed a deep elf master archer
 34730 | Elf:3    | Reached skill level 10 in Shields
 34833 | Elf:3    | Noticed a deep elf master archer
 34838 | Elf:3    | Noticed a deep elf blademaster
 34860 | Elf:3    | Killed a deep elf blademaster
 34865 | Elf:3    | Killed a deep elf master archer
 35045 | Elf:3    | Reached XP level 18. HP: 218/218 MP: 18/18
 35201 | Elf:3    | Noticed an Ice Fiend
 35206 | Elf:3    | Noticed a deep elf master archer
 35357 | Elf:3    | Got a shimmering wooden ring
 35814 | Elf:3    | Killed a deep elf master archer
 35984 | Elf:3    | Got a steaming jade ring
 35991 | Elf:3    | Got an uncursed ancient flail {freeze}
 35992 | Elf:3    | Identified the +8 flail "Fefryhor" {freeze, SInv} (You took it off a deep elf archer on level 3 of the Elven Halls)
 36004 | Elf:3    | Identified the ring "Use Ticaamimp" {rN+ MR++ Int+2} (You took it off a deep elf annihilator on level 3 of the Elven Halls)
 36006 | Elf:3    | Identified the ring of the Four Tales {rPois AC+4} (You took it off a deep elf archer on level 3 of the Elven Halls)
 36037 | Elf:3    | Got an encrusted morningstar {venom}
 36038 | Elf:3    | Identified the +3 morningstar of Regicide {venom, rC+ Dex+2} (You took it off a deep elf elementalist on level 3 of the Elven Halls)
 36347 | Elf:3    | Reached skill level 23 in Fighting
 36964 | Spider:1 | Entered Level 1 of the Spider Nest
 37013 | Spider:1 | Received a gift from Trog
 38182 | Spider:2 | Noticed Arachne
 38206 | Spider:1 | Killed Arachne
 38390 | Spider:2 | Received a gift from Trog
 38457 | Spider:2 | Got an ancient robe
 38468 | Spider:2 | Identified the +0 robe of Gaop {Dex+7} (You found it on level 2 of the Spider Nest)
 38942 | Spider:2 | Reached XP level 19. HP: 230/231 MP: 19/19
 39792 | Spider:3 | Received a gift from Trog
 40265 | Spider:4 | Entered Level 4 of the Spider Nest
 41513 | Spider:4 | Received a gift from Trog
 41577 | Spider:4 | HP: 11/234 [jumping spider (12)]
 42429 | Spider:4 | Reached skill level 24 in Fighting
 42479 | Spider:4 | Received a gift from Trog
 42955 | Spider:4 | Got a gossamer rune of Zot
 43216 | Swamp:1  | Entered Level 1 of the Swamp
 43310 | Swamp:1  | Identified a scroll of acquirement
 43866 | Swamp:1  | Found a runed door.
 44074 | Swamp:1  | Reached XP level 20. HP: 244/244 MP: 20/20
 44844 | Swamp:2  | Got a tattered robe
 44855 | Swamp:2  | Identified the cursed +1 robe of Honec {Str+6 Int-5 Dex+2} (You found it on level 2 of the Swamp)
 45441 | Swamp:3  | Received a gift from Trog
 45630 | Swamp:3  | Paralysed by a hornet for 2 turns
 46543 | Swamp:4  | Entered Level 4 of the Swamp
 46896 | Swamp:4  | Received a gift from Trog
 47145 | Swamp:4  | Noticed a bone dragon
 47173 | Swamp:4  | Killed a bone dragon
 48190 | Swamp:4  | Noticed Jorgrun
 48208 | Swamp:4  | Killed Jorgrun
 48337 | Swamp:4  | Got a decaying rune of Zot
 48685 | Depths:1 | Entered Level 1 of the Depths
 48919 | Depths:1 | Reached skill level 25 in Fighting
 49300 | Depths:1 | Found a gateway to Hell.
 49365 | Depths:1 | Found a one-way gate to the infinite horrors of the Abyss.
 49477 | Depths:1 | Reached XP level 21. HP: 251/251 MP: 21/21
 49631 | Depths:1 | Received a gift from Trog
 50475 | Depths:2 | Received a gift from Trog
 50497 | Depths:2 | HP: 1/252 [spriggan air mage/bolt of lightning (26)]
 50498 | Depths:2 | Killed from afar by a spriggan air mage

Vault maps used:
D:1:      minmay_arrival_stone_box, st_stairs_9
D:2:      gammafunk_temple_overflow_elements, nemelex_xobeh_ov_fountains_minmay,
          uniq_jessica, uniq_sigmund
D:3:      gammafunk_ghost_grave, trog_book
D:4:      nicolae_overflow_hidden_temple, lemuel_round_altar,
          kiku_gazebo_garden_becter
D:5:      old_standard_altar, serial_shops, shop, first_ration,
          kennysheep_generic_room_16, uniq_eustachio
D:6:      kennysheep_spiral_hall, temple_green, hangedman_abyss_or_decor_slice,
          st_stairs_11, lightli_minifort
D:7:      uniq_pikel
D:8:      grunt_ogre_cave, solitary_fountain, serial_bayou_lagoon_a
D:9:      minmay_lair_entry_lava, kennysheep_crisscross,
          wad_floor_pattern_untrapped, grunt_gozag_breadcrumbs
D:10:     erik_orc_3, basic_altar, fountainhead, uniq_sonja
D:11:     gammafunk_ghost_icy, serial_shops, nicolae_shop_window_shopping
D:12:     serial_shops, shop, nicolae_shop_window_shopping, kennysheep_mini_moat
D:13:     david_vaults_2, xom_shifter_show, uniq_erolcha, uniq_azrael
D:14:     serial_shops, shop, serial_park_tiny_pond,
          nicolae_trove_entry_free_sample
D:15:     grunt_enter_depths_snipers, corexii_hall_statues_i, uniq_louise
Lair:1:   uniq_gastronok, uniq_nergalle, uniq_erica
Lair:2:   minmay_swamp_entry_reptiles, nicolae_spider_entry_non_spiders,
          serial_bayou_shore_a
Lair:3:   special_room, gammafunk_ghost_cemetery, minmay_lair_oklob_chamber
Lair:4:   grunt_forest_small_clearings, serial_bayou_ford_a,
          kennysheep_abandoned_house, infiniplex_staircase_pool
Lair:5:   serial_bayou_shore_b
Lair:6:   hangedman_lair_in_review, guppyfry_lair_end_dragon,
          dpeg_slime_entry_corner, lab_entry_generic
Swamp:1:  gammafunk_mikee_crab_dinner, infiniplex_staircase_pool_2
Swamp:2:  cheibrodos_swamp_heart_of_darkness, nicolae_swamp_stair_fork,
          nicolae_swamp_fairy_circle, swamp_pool1
Swamp:3:  hangedman_swamp_pad
Swamp:4:  swamp_pestilence, worms_lemuel, uniq_jorgrun
Spider:1: hangedman_spider_tarantella_strand
Spider:2: uniq_arachne
Spider:3: nicolae_orb_island
Spider:4: johnstein_spider_rune_arachne_lair
Orc:1:    nicolae_orc_accident_2
Orc:2:    st_orc_town, basic_altar, serial_shops, shop_fountains,
          elves_outpost_lemuel
Elf:1:    eino_elf_arrival_sip, hangedman_elf_represent, minmay_shop_star,
          uniq_asterion, uniq_frances
Elf:2:    serial_shops, nicolae_shop_crystal, shop_statue, shop_fountains
Elf:3:    minmay_elf_hall_circle, nicolae_twisting_strands
Depths:1: glass_columns_a, hell_entry, abyss_entry_crystal,
          minmay_misc_feat_enclosed, kennysheep_generic_room_13,
          grunt_megastairs_3
Depths:2: hangedman_cross_cluster, enter_ziggurat_d, pan_entry,
          infiniplex_staircase_zigzag_3, hell_entry, minmay_multi_spiral
Lab:      nicolae_lab_grate, nicolae_lab_quarters, nicolae_lab_hexagon,
          labyrinth_skeletal_remains, nicolae_lab_starburst, nicolae_lab_statue
Trove:    trove_books_scrolls

Skill      XL: |  1  2  3  4  5  6  7  8  9 10 11 12 13 14 15 16 17 18 19 20 21 |
---------------+----------------------------------------------------------------+-----
Maces & Flails | 3 4 5 6 7 9 11 12 13 14 15 16 17 18 | 18.0
Dodging        | 3 4 5 6 7 8 9 10 11 12 13 14 | 14.9
Fighting       | 5 6 7 9 10 11 13 15 16 18 20 22 23 24 25 | 25.5
Stealth        | 1 2 3 4 5 6 7 |  7.9
Armour         | 4 5 6 7 8 |  8.0
Shields        | 1 5 7 8 10 11 12 13 | 13.8

Action                   |  1- 3 |  4- 6 |  7- 9 | 10-12 | 13-15 | 16-18 | 19-21 || total
-------------------------+-------+-------+-------+-------+-------+-------+-------++-------
Melee: Mace              |   113 |   180 |    98 |       |       |       |       ||   391
       Morningstar       |       |       |   202 |       |    29 |       |       ||   231
       Demon whip        |       |       |    14 |   805 |  1497 |  1364 |  1959 ||  5639
Invok: Berserk           |     2 |     3 |     2 |    17 |     7 |     4 |     9 ||    44
       Trog's Hand       |       |     2 |       |     6 |     4 |     1 |     6 ||    19
  Use: Potion            |       |     3 |       |     1 |       |       |     3 ||     7
       Scroll            |       |       |    10 |     9 |    21 |    12 |    14 ||    66
 Stab: Sleeping          |       |       |     4 |     6 |    12 |    11 |    14 ||    47
       Distracted        |       |       |       |     1 |     1 |     2 |     5 ||     9
       Petrified         |       |       |       |       |     2 |       |       ||     2
  Eat: Chunk             |     3 |    10 |    15 |    42 |    32 |    36 |    31 ||   169
       Ration            |       |       |     1 |     2 |     4 |     1 |     6 ||    14
Armor: Animal skin       |    41 |    45 |    62 |       |       |       |       ||   148
       Robe              |       |       |       |    29 |     2 |     7 |     3 ||    41
       Troll leather arm |       |       |       |    87 |   211 |   134 |   383 ||   815
Dodge: Dodged            |    86 |    96 |   197 |   336 |   769 |   495 |   813 ||  2792
Block: Shield            |       |       |       |       |   502 |   549 |   983 ||  2034
       Reflection        |       |       |       |       |     6 |    47 |    15 ||    68

Table legend:
 A = Spawn XP
 B = Non-spawn XP
 C = Spawn XP percentage of total XP
 D = Spawn monster count
 E = Non-spawn monster count
 F = Spawn count percentage of total count
 G = Total turns spent on level
                    A         B        C        D         E        F      G
               +---------+---------+-------+---------+---------+-------+---------
         Total |       0 |  541362 |   0.0 |       0 |    1491 |   0.0 | 50498
               +---------+---------+-------+---------+---------+-------+---------
           D:1 |       0 |      41 |   0.0 |       0 |      22 |   0.0 |  1162
           D:2 |       0 |     385 |   0.0 |       0 |      28 |   0.0 |  1805
           D:3 |       0 |     228 |   0.0 |       0 |      22 |   0.0 |   862
           D:4 |       0 |     307 |   0.0 |       0 |      20 |   0.0 |  1027
           D:5 |       0 |    1119 |   0.0 |       0 |      27 |   0.0 |  1462
           D:6 |       0 |     772 |   0.0 |       0 |      21 |   0.0 |  1132
           D:7 |       0 |     808 |   0.0 |       0 |       6 |   0.0 |   992
           D:8 |       0 |    3503 |   0.0 |       0 |      38 |   0.0 |  1148
           D:9 |       0 |     965 |   0.0 |       0 |      16 |   0.0 |  1106
          D:10 |       0 |    4221 |   0.0 |       0 |      36 |   0.0 |  1423
          D:11 |       0 |    8413 |   0.0 |       0 |      62 |   0.0 |  1216
          D:12 |       0 |    4096 |   0.0 |       0 |      13 |   0.0 |  1221
          D:13 |       0 |   13039 |   0.0 |       0 |      45 |   0.0 |   968
          D:14 |       0 |    5760 |   0.0 |       0 |      19 |   0.0 |   783
          D:15 |       0 |   22809 |   0.0 |       0 |      34 |   0.0 |  1156
        Lair:1 |       0 |    4755 |   0.0 |       0 |       8 |   0.0 |   935
        Lair:2 |       0 |    9543 |   0.0 |       0 |      58 |   0.0 |  1496
        Lair:3 |       0 |   12856 |   0.0 |       0 |      28 |   0.0 |  1140
        Lair:4 |       0 |    8966 |   0.0 |       0 |      38 |   0.0 |   931
        Lair:5 |       0 |    6767 |   0.0 |       0 |      27 |   0.0 |  1132
        Lair:6 |       0 |   29210 |   0.0 |       0 |      79 |   0.0 |  2485
       Swamp:1 |       0 |   17689 |   0.0 |       0 |      45 |   0.0 |  1103
       Swamp:2 |       0 |   16574 |   0.0 |       0 |      35 |   0.0 |  1150
       Swamp:3 |       0 |   18839 |   0.0 |       0 |      52 |   0.0 |  1128
       Swamp:4 |       0 |   32134 |   0.0 |       0 |      86 |   0.0 |  1881
      Spider:1 |       0 |   26621 |   0.0 |       0 |      71 |   0.0 |  1803
      Spider:2 |       0 |   16063 |   0.0 |       0 |      44 |   0.0 |   532
      Spider:3 |       0 |   20967 |   0.0 |       0 |      54 |   0.0 |  2241
      Spider:4 |       0 |   41690 |   0.0 |       0 |      93 |   0.0 |  1636
         Orc:1 |       0 |    6304 |   0.0 |       0 |      37 |   0.0 |  2173
         Orc:2 |       0 |   14729 |   0.0 |       0 |      92 |   0.0 |  2296
         Elf:1 |       0 |   26153 |   0.0 |       0 |      38 |   0.0 |  1579
         Elf:2 |       0 |   34893 |   0.0 |       0 |      50 |   0.0 |  1793
         Elf:3 |       0 |   62312 |   0.0 |       0 |      58 |   0.0 |  2947
      Depths:1 |       0 |   21585 |   0.0 |       0 |      32 |   0.0 |  1112
      Depths:2 |       0 |   44197 |   0.0 |       0 |      52 |   0.0 |   487
           Lab |       0 |    2049 |   0.0 |       0 |       5 |   0.0 |   987
               +---------+---------+-------+---------+---------+-------+---------
